 Dungeon Crawl Stone Soup version 0.30-a0-304-gdc4b735fe1 (webtiles) character file.

Game seed: 17796104857580469981

950 MrElk the Insei (level 7, 0/55 HPs)
             Began as a Demonspawn Transmuter on Oct 20, 2022.
             Was an Initiate of Wu Jian.
             Succumbed to a water moccasin's poison
             ... on level 5 of the Dungeon.
             The game lasted 00:08:14 (3426 turns).

MrElk the Insei (Demonspawn Transmuter)             Turns: 3426, Time: 00:08:15

Health: 0/55       AC: 10    Str: 18    XL:     7   Next: 90%
Magic:  5/12       EV: 11    Int: 15    God:    Wu Jian [......]
Gold:   190        SH:  0    Dex: 13    Spells: 11/12 levels left

rFire   . . .      SeeInvis .      - Unarmed
rCold   . . .      Faith    .    (no shield)
rNeg    . . .      Spirit   +    j - +0 ring mail
rPois   .          Reflect  .    l - +2 helmet
rElec   .          Harm     .    (no cloak)
rCorr   .          Rampage  .    (no gloves)
Will    .....                    (no boots)
Stlth   +.........               (no amulet)
HPRegen 0.29/turn                f - +6 ring of strength
MPRegen 0.26/turn                (no ring)

@: brilliant, lethally poisoned (0 -> -5), attractive
A: magic shield, magic regeneration, sharp scales 2, demonic touch 1
a: Renounce Religion


You were on level 5 of the Dungeon.
You worshipped Wu Jian.
Wu Jian was noncommittal.
You visited 2 branches of the dungeon, and saw 6 of its levels.

You collected 190 gold pieces.

Inventory:

Hand Weapons
 m - a +0 war axe
Armour
 d - a +0 kite shield
 j - a +0 ring mail (worn)
 l - a +2 helmet (worn)
Jewellery
 e - an amulet of faith
 f - a +6 ring of strength (left hand)
 r - a ring of poison resistance
Scrolls
 a - a scroll of torment {unknown}
 g - a scroll of immolation {unknown}
 n - a scroll of vulnerability {unknown}
 o - a scroll of amnesia {unknown}
 q - a scroll of silence {unknown}
Potions
 b - a potion of might {unknown}
 h - 2 potions of brilliance
 i - a potion of flight {unknown}
 k - a potion of attraction
 p - a potion of curing {unknown}


   Skills:
 * Level 4.4 Fighting
 + Level 2.4 Armour
 + Level 3.0 Dodging
 - Level 1.8 Shields
 * Level 4.9 Unarmed Combat
 + Level 3.4 Spellcasting
 + Level 3.2 Transmutations


You had 11 spell levels left.
You knew the following spells:

 Your Spells              Type           Power      Damage    Failure   Level
a - Beastly Appendage     Tmut           36%        N/A       9%          1

Your spell library contained the following spells:

 Spells                   Type           Power      Damage    Failure   Level
 Wereblood                Tmut           18%        N/A       14%         2
 Sting                    Tmut/Pois      44%        1d5       17%         1
 Apportation              Tloc           6%         N/A       32%         1
 Shock                    Conj/Air       12%        1d3       32%         1
 Cigotuvi's Dreadful Rot  Necr/Pois/Air  6%         N/A       45%         2
 Spider Form              Tmut/Pois      11%        N/A       45%         3
 Inner Flame              Hex/Fire       3%         N/A       69%         3
 Swiftness                Air            3%         N/A       69%         3
 Ice Form                 Ice/Tmut       11%        N/A       86%         4
 Airstrike                Air            1%         2d(1-17)  97%         4
 Dispel Undead            Necr           3%         3d7       97%         4
 Flame Wave               Conj/Fire      3%         2d5       97%         4
 Sticky Flame             Conj/Fire      3%         2d3       97%         4
 Alistair's Intoxication  Tmut/Pois      7%         N/A       99%         5
 Death Channel            Necr           1%         N/A       100%        6


Dungeon Overview and Level Annotations

Branches:
Dungeon (5/15)             Temple (1/1) D:4

Altars:
Ashenzari
Cheibriados
Dithmenos
Fedhas
Gozag
Hepliaklqana
Kikubaaqudgha
Makhleb
Okawaru
Ru
Sif Muna
Trog
Uskayaw
Vehumet
Wu Jian
Xom
Yredelemnul


Innate Abilities, Weirdness & Mutations

When hurt, damage is shared between your health and your magic reserves.
You regenerate magic rapidly.
You are mostly covered in razor-sharp scales. (AC +2, Slay +2)
Your touch may inflict minor irresistible damage on your foes.


Message History

You feel very sick. The water moccasin barely misses you.
The water moccasin bites you but does no damage.
You hit the water moccasin.
The water moccasin is almost dead.
* * * LOW HITPOINT WARNING * * *
You feel very sick.
The water moccasin completely misses you.
You miss the water moccasin.
The water moccasin is almost dead.
* * * LOW HITPOINT WARNING * * *
You feel very sick. The water moccasin closely misses you.
You punch the water moccasin!
You kill the water moccasin!
The Council accepts your kill.
* * * LOW HITPOINT WARNING * * *
You feel very sick.
Your Dodging skill increases to level 3!
You hit the centaur.
You touch the centaur!
The centaur is heavily wounded.
* * * LOW HITPOINT WARNING * * *
You feel sick.
The centaur unwields a +0 shortbow.
The centaur hits you but does no damage.
The centaur kicks you but does no damage.
You hit the centaur.
The centaur is heavily wounded.
* * * LOW HITPOINT WARNING * * *
You feel sick. The centaur barely misses you.
The centaur kicks you but does no damage.
The centaur hits you but does no damage.
The centaur closely misses you.
You hit the centaur.
The centaur is severely wounded.
* * * LOW HITPOINT WARNING * * *
You feel sick. The centaur barely misses you. The centaur closely misses you.
You punch the centaur!
You kill the centaur!
The Council accepts your kill.
You die...

###....####.#.# #....#
##.⌠. #....# ##.#.#
#.#.## #.⌠.#. #.#.#
##.#.#
#########.#.####.#.⌠.
#........>.....##.#.#
#..#.######..######.⌠.#.
.......@)n.....# ##.#.⌠
.#.##.###o####..# ##...
# #.# ...# ##.⌠
....S...S.S..#.# ###
.#.##n###.##.#.# .c. ...
# c#! ##? # .. # .o


You could see a necrophage and an orc.

Vanquished Creatures
  2 water moccasins (D:5)
  2 ogres
  A centaur (D:5)
  A bullfrog (D:4)
  A necrophage (D:2)
  2 scorpions (D:4)
  A vampire bat (D:5)
  A hound (D:4)
  Jessica (D:3)
  2 iguanas (D:4)
  6 gnolls
  4 adders
  2 ufetubi
  A worm (D:3)
  5 dart slugs
  4 bats
  5 bat skeletons (D:5)
  A bat zombie (D:5)
  4 endoplasms
  4 giant cockroaches
  4 goblins
  6 hobgoblins
  4 jackals (D:1)
  3 quokkas
  5 ball pythons
  3 frilled lizards
  5 kobolds
  6 rats
86 creatures vanquished.

Notes
Turn   | Place    | Note
-------+----------+-------------------------------------------
     0 | D:1      | MrElk the Demonspawn Transmuter began the quest for the
                  | Orb.
     0 | D:1      | Reached XP level 1. HP: 15/15 MP: 3/3
   323 | D:1      | Gained mutation: You are partially covered in razor-sharp
                  | scales. (AC +1, Slay +1) [demonic ancestry]
   323 | D:1      | Reached XP level 2. HP: 17/21 MP: 5/5
   881 | D:2      | Gained mutation: You are mostly covered in razor-sharp
                  | scales. (AC +2, Slay +2) [demonic ancestry]
   881 | D:2      | Reached XP level 3. HP: 24/26 MP: 6/6
   916 | D:2      | Reached skill level 1 in Shields
   925 | D:2      | Found a faded altar of an unknown god.
   942 | D:2      | Got Plato's Excursus on Permutations
  1103 | D:2      | Noticed a necrophage
  1114 | D:2      | Killed a necrophage
  1115 | D:2      | Gained mutation: You regenerate magic rapidly. [demonic
                  | ancestry]
  1115 | D:2      | Reached XP level 4. HP: 33/33 MP: 7/7
  1368 | D:2      | Found a hazy altar of Hepliaklqana.
  1703 | D:2      | Reached skill level 1 in Armour
  1703 | D:2      | Gained mutation: Your touch may inflict minor irresistible
                  | damage on your foes. [demonic ancestry]
  1703 | D:2      | Reached XP level 5. HP: 17/39 MP: 8/8
  1823 | D:3      | Noticed Jessica
  1840 | D:3      | Killed Jessica
  1870 | D:3      | Found a shimmering blue altar of Sif Muna.
  1918 | D:3      | Found a radiant altar of Vehumet.
  2053 | D:3      | Noticed an ogre
  2061 | D:3      | Killed an ogre
  2062 | D:3      | Gained mutation: When hurt, damage is shared between your
                  | health and your magic reserves. [demonic ancestry]
  2062 | D:3      | Reached XP level 6. HP: 10/47 MP: 8/10
  2124 | D:3      | Found a shimmering altar of Xom.
  2286 | D:3      | Found an opulent altar of Gozag.
  2330 | D:3      | Found an iron altar of Okawaru.
  2397 | D:3      | Found a hide-covered altar of Uskayaw.
  2481 | D:4      | Found a staircase to the Ecumenical Temple.
  2615 | D:4      | Reached XP level 7. HP: 43/52 MP: 8/11
  2939 | D:4      | Found a burning altar of Makhleb.
  2986 | Temple   | Entered the Ecumenical Temple
  3097 | Temple   | Became a worshipper of the Wu Jian Council
  3142 | D:5      | Entered Level 5 of the Dungeon
  3331 | D:5      | Found an ancient bone altar of Kikubaaqudgha.
  3424 | D:5      | HP: 1/55 [poisoned by a water moccasin]
  3426 | D:5      | Succumbed to a water moccasin's poison

Illustrated notes

Levels and vault maps discovered:
D:1:      erik_arrival_blinker_ship, layout_loops_ring, minmay_box_of_dots
D:2:      layout_basic, basic_altar, shapermc_ecumenical_altar_rom_forum
D:3:      layout_rooms, nicolae_overflow_hidden_temple, tgw_sif,
          mainiacjoe_overflow_catch_the_wave, uniq_jessica
D:4:      layout_rooms, lightli_temple_of_fire, minmay_temple_entry_mist
D:5:      layout_loops_ring, kennysheep_vampire_church, minmay_diced_spiral
Temple:   kb_temple_of_zot

Skill      XL: |  1  2  3  4  5  6  7 |
---------------+----------------------+-----
Unarmed Combat | 3 4 |  4.9
Transmutations | 2 3 |  3.2
Shields        | 1 |  1.8
Fighting       | 2 3 4 |  4.4
Armour         | 1 2 |  2.4
Dodging        | 2 3 |  3.0
Spellcasting   | 3 |  3.4

Action                   |  1- 3 |  4- 6 |  7- 9 || total
-------------------------+-------+-------+-------++-------
Melee: Unarmed           |   133 |   128 |    61 ||   322
       Kick              |     1 |       |       ||     1
       Touch             |       |    17 |     7 ||    24
       Punch             |       |     3 |     1 ||     4
 Cast: Beastly Appendage |     2 |       |       ||     2
Invok: Lunge             |       |       |     1 ||     1
  Use: Potion            |     1 |       |     4 ||     5
       Scroll            |       |     3 |       ||     3
Armor: Leather armour    |    41 |       |       ||    41
       Robe              |     1 |       |       ||     1
       Ring mail         |    15 |    51 |    27 ||    93
       Skin              |    11 |       |       ||    11
Dodge: Dodged            |    65 |    61 |    46 ||   172
Block: Kite shield       |    44 |    15 |       ||    59

Table legend: (Time is in decaauts)
 A = Elapsed time spent in this place.
 B = Non-inter-level travel time spent in this place.
 C = Inter-level travel time spent in this place.
 D = Time resting spent in this place.
 E = Time spent auto-exploring this place.
 F = Levels seen in this place.
 G = Mean time per level.
                   A        B        C        D        E       F      G
               +--------+--------+--------+--------+--------+-----+--------+
         Total |   3440 |   3168 |    272 |    175 |   2192 |   6 |  573.3 |
       Dungeon |   3298 |   3076 |    222 |    175 |   2109 |   5 |  659.6 |
        Temple |    141 |     91 |     50 |      0 |     83 |   1 |  141.0 |
               +--------+--------+--------+--------+--------+-----+--------+

Top non-repeatable levels by time:
     D:2: 1005 daAuts
     D:1: 835 daAuts
     D:3: 623 daAuts
     D:4: 554 daAuts
     D:5: 280 daAuts
  Temple: 141 daAuts
